 Dungeon Crawl Stone Soup version 0.31-a0-1405-g2bb1a01664 (webtiles) character file.

Game seed: 18386832980158157164

134 BigPumpCobain the Changeling (level 5, 0/41 HPs)
             Began as a Merfolk Shapeshifter on Dec 25, 2023.
             Killed from afar by Natasha (6 damage)
             ... with a puff of flame
             ... on level 2 of the Dungeon.
             The game lasted 00:01:49 (1391 turns).

BigPumpCobain the Changeling (Merfolk Shapeshifter) Turns: 1391, Time: 00:01:49

Health: 0/41       AC:  2    Str: 16    XL:     5   Next: 17%
Magic:  5/5        EV: 12    Int:  9    God:
Gold:   128        SH:  0    Dex: 14    Spells: 4/4 levels left

rFire   . .          .
                       - Unarmed
rCold   . . .        (no shield)
rNeg    . . .        a - +0 animal skin
rPois   .            (helmet currently unavailable)
rElec   .            (cloak currently unavailable)
rCorr   .            (gloves currently unavailable)
SInv    .            (boots currently unavailable)
Will    .....        (no amulet)
Stlth   +            (no ring)
HPRegen 0.26/turn    (no ring)
MPRegen 0.09/turn

%: no passive effects
@: beast-form
A: beast (slay +2), (nimble swimmer 2), mertail
a: Begin Untransformation


You were on level 2 of the Dungeon.
You were a hulking beast.
You visited 1 branch of the dungeon, and saw 2 of its levels.

You collected 128 gold pieces.

Inventory:

Armour
 a - a +0 animal skin (worn)
Talismans
 c - a beast talisman
 d - a flux talisman
Scrolls
 f - 2 scrolls of fog
 g - 2 scrolls of silence
 i - a scroll of brand weapon {unknown}
 j - a scroll of noise {unknown}
 k - a scroll of poison {unknown}
Potions
 b - a potion of lignification
 h - a potion of might {unknown}


   Skills:
 + Level 3.1 Fighting
 - Level 2.6 Dodging
 + Level 4.4 Unarmed Combat
 + Level 5.2 Shapeshifting


You had 4 spell levels left.
You didn't know any spells.
Your spell library was empty.

Dungeon Overview and Level Annotations

Branches:
Dungeon (2/15)

Altars:

Annotations:
D:2 Natasha


Innate Abilities, Weirdness & Mutations

You are a hulking beast.
Your limbs bulge with bestial killing power. (Slay +2)
((You are very nimble when in or above water. (Stealth+, EV+, Speed+++)))
Your lower body shifts to a powerful aquatic tail in water.


Message History

You barely miss the worm.
The worm is severely wounded.
The worm barely misses you.
You punch the worm!
The worm is almost dead.
You punch the worm!
You kill the worm!
No target in view!
No target in view!
No target in view!
Things that are here:
a +0 dagger of venom; a +0 dagger You now have 128 gold pieces (gained 9).
Found a stone staircase leading up.
Natasha, Servant of Life and Death comes into view.
She is carrying a wand of flame.
Natasha is nearby!
Found an ivory ring.
Found a stone staircase leading down.
Natasha hisses angrily.
Natasha zaps a wand.
The puff of flame hits you.
Natasha zaps a wand.
The puff of flame hits you!
Natasha casts a spell.
Natasha zaps a wand.
The puff of flame hits you.
Natasha wildly gestures.
Natasha glows brightly for a moment.
Natasha mumbles some strange words.
The cerulean imp hits you from afar with a +2 spear.
The cerulean imp attacks as it pursues you!
The cerulean imp hits you from afar with a +2 spear.
The cerulean imp hits you but does no damage.
The cerulean imp attacks as it pursues you!
The cerulean imp hits you from afar with a +2 spear.
The cerulean imp disappears in a puff of smoke!
Natasha zaps a wand.
The puff of flame hits you!
* * * LOW HITPOINT WARNING * * *
Natasha casts a spell at you. You resist with some effort.
Natasha extends her claws.
Natasha zaps a wand.
The puff of flame hits you.
You die...
Natasha begins licking her fur clean.

#......<...# #..........#
#..........# #############..#####
#.........# #..## . #.........#
#...# #. ..........###.#.# #..
..........##..#.## ####..#
#.........##.##.h# ##.....##
###.#........###.# #..#[.... #
#.##.###...# #.# ######.##.....
###.##.....#.# #.###......#...†..
##>.####.....###h##..#####.......
...## ##.#...##.##.## ##.#####.
<### #..#.).##.##.# #[.# †#
##.#######.##.# #.## ### #..#
#.##.# #.#


You could see Natasha.

Vanquished Creatures
  Terence (D:2)
  Natasha (D:2)
  4 gnolls (D:2)
  An adder (D:2)
  2 worms (D:2)
  A dart slug (D:1)
  2 ball pythons
  3 bats
  3 endoplasms (D:1)
  A giant cockroach (D:2)
  A goblin (D:1)
  4 hobgoblins
  2 jackals (D:1)
  3 kobolds (D:1)
  4 frilled lizards
  A rat (D:2)
34 creatures vanquished.

Notes
Turn   | Place    | Note
-------+----------+-------------------------------------------
     0 | D:1      | BigPumpCobain the Merfolk Shapeshifter began the quest for
                  | the Orb.
     0 | D:1      | Reached XP level 1. HP: 15/15 MP: 1/1
    50 | D:1      | Found a faded altar of an unknown god.
    80 | D:1      | Reached XP level 2. HP: 21/21 MP: 2/2
   751 | D:2      | Reached XP level 3. HP: 27/27 MP: 3/3
   760 | D:2      | Noticed Terence
   795 | D:2      | Killed Terence
   796 | D:2      | Reached XP level 4. HP: 26/34 MP: 4/4
   853 | D:2      | Reached skill level 5 in Shapeshifting
  1067 | D:2      | Noticed Natasha
  1080 | D:2      | Killed Natasha
  1081 | D:2      | Reached XP level 5. HP: 11/41 MP: 5/5
  1359 | D:2      | Noticed Natasha
  1391 | D:2      | Killed from afar by Natasha

Illustrated notes

Levels and vault maps discovered:
D:1:      eino_arrival_druids_welcome, layout_loops_ring,
          hellmonk_ecumenical_altar_dog_temple, chequers_serial_rivers_micro_e,
          corexii_corridor_pit, minmay_misc_feat_nine_boxes,
          roderic_roman_lattice, kennysheep_pointless_box
D:2:      layout_rooms, uniq_natasha, uniq_terence

Skill      XL: |  1  2  3  4 |
---------------+-------------+-----
Fighting       | 2 3 |  3.1
Unarmed Combat | 4 |  4.4
Shapeshifting  | 5 |  5.2
Dodging        | |  2.6

Action                     |  1- 3 |  4- 6 || total
---------------------------+-------+-------++-------
  Melee: Unarmed           |    60 |    51 ||   111
         Punch             |     4 |       ||     4
    Use: Scroll            |       |     2 ||     2
   Stab: Sleeping          |     2 |     1 ||     3
 Armour: Animal skin       |    17 |    30 ||    47
  Dodge: Dodged            |    28 |    21 ||    49

Table legend: (Time is in decaauts)
 A = Elapsed time spent in this place.
 B = Non-inter-level travel time spent in this place.
 C = Inter-level travel time spent in this place.
 D = Time resting spent in this place.
 E = Time spent auto-exploring this place.
 F = Levels seen in this place.
 G = Mean time per level.
                   A        B        C        D        E       F      G
               +--------+--------+--------+--------+--------+-----+--------+
         Total |   1371 |   1348 |     23 |     14 |   1067 |   2 |  685.5 |
       Dungeon |   1371 |   1348 |     23 |     14 |   1067 |   2 |  685.5 |
               +--------+--------+--------+--------+--------+-----+--------+

Top non-repeatable levels by time:
     D:1: 744 daAuts
     D:2: 627 daAuts
